Cogmind - Beta 11.1 @@@ ROGUE MODE // 2022.09.23 @ 16:04:04 Player: ClassActJerk Result: Destroyed by as-11117 with Assembled F-torch Performance ------------- Evolutions (1) 500 Regions Visited (4) 800 Robots Destroyed (19) 95 Value Destroyed (496) 496 Prototype IDs (0) 0 Alien Tech Used (0) 0 Bonus (75) 75 TOTAL SCORE: 1966 Bonus ------- Follower Combat Kills 75 Cogmind --------- Core Integrity 0/400 Matter 290/300 Energy 90/100 System Corruption 0% Temperature Cool (20) Movement Core (250) Ox4 Location -9/Mines Parts ------- > --- POWER (1) -------- (None) > --- PROPULSION (4) --- (None) > --- UTILITY (2) ------ Medium Storage Unit Visual Processing Unit > --- WEAPON (2) ------- Grenade Launcher > --- INVENTORY (10) --- Light Ion Engine Flight Unit Sensor Array Sensor Array Signal Interpreter Signal Interpreter Terrain Scan Processor ECM Suite Peak State ------------ > --- POWER ------------ Improved Ion Engine > --- PROPULSION ------- Flight Unit Flight Unit VTOL Module VTOL Module > --- UTILITY ---------- Medium Storage Unit Visual Processing Unit > --- WEAPON ----------- Spread Laser Light Assault Rifle > --- INVENTORY -------- Light Ion Engine Flight Unit Flight Unit Sensor Array Sensor Array Signal Interpreter Terrain Scan Processor ECM Suite Grenade Launcher [Rating: 15] Favorites ----------- Power Light Ion Engine Engine Light Ion Engine Propulsion Aluminum Leg Leg Aluminum Leg Hover Unit Hover Unit Flight Unit Flight Unit Utility Medium Storage Unit Storage Medium Storage Unit Processor Visual Processing Unit Weapon Light Assault Rifle Energy Gun Spread Laser Ballistic Gun Light Assault Rifle Launcher Grenade Launcher Build | -11 -10 -10 -9 -9 ------- Run | Scr Mat Min Mat Min Slots Evolved 2 | . . . 2 . Power . | . . . . . Propulsion 2 | . . . 2 . Utility . | . . . . . Weapon . | . . . . . Parts Attached 29 | 6 1 . 21 1 Power 5 | 1 . . 4 . Engine 5 | 1 . . 4 . Core . | . . . . . Reactor . | . . . . . Propulsion 15 | 2 . . 13 . Treads . | . . . . . Leg 2 | 2 . . . . Wheel . | . . . . . Hover 3 | . . . 3 . Flight 10 | . . . 10 . Utility 3 | 1 1 . 1 . Device . | . . . . . Storage 2 | 1 1 . . . Processor 1 | . . . 1 . Hackware . | . . . . . Protection . | . . . . . Artifact . | . . . . . Weapon 6 | 2 . . 3 1 Energy Gun 1 | . . . 1 . Energy Cannon . | . . . . . Ballistic Gun 4 | 2 . . 2 . Ballistic Cannon . | . . . . . Launcher 1 | . . . . 1 Special Weapon . | . . . . . Impact Weapon . | . . . . . Slashing Weapon . | . . . . . Piercing Weapon . | . . . . . Special Melee Weapon . | . . . . . Unidentified Prototypes . | . . . . . Parts Lost 15 | . . . 8 7 Power 3 | . . . 2 1 Propulsion 8 | . . . 4 4 Utility . | . . . . . Weapon 4 | . . . 2 2 Highest Loss Streak 7 | . . . 2 7 To Critical Strikes . | . . . . . Average Slot Usage (%) 82 | . 85 72 82 92 Engine 9 | . 14 1 9 9 Leg 15 | . 28 28 8 . Hover 4 | . . . 7 . Flight 10 | . . . 15 38 Storage 12 | . 14 14 11 11 Processor 5 | . . . 8 11 Energy Gun 1 | . . . 1 9 Ballistic Gun 22 | . 28 28 20 11 Naked Turns . | . . . . . Heaviest Build 21 | 10 15 15 21 21 Greatest Support 20 | 20 20 20 20 16 Greatest Overweight (x) 3 | 1 . . 3 3 Average Overweight (x) . | . . . . 1 Largest Inventory Capacity 10 | 8 10 10 10 10 Average Capacity 9 | 7 9 10 10 10 Most Carried 10 | 6 7 9 10 9 Average Carried 7 | 1 5 7 7 8 Final Capacity 10 | 8 10 10 10 10 Final Carried 9 | 1 7 8 9 8 Class Distribution -------------------- 63% | Mutant 36% | Scavenger-Mutant Dominant Class ---------------- Mutant | -10/Materials Mutant | -10/Mines Scavenger-Mutant | -9/Materials Scavenger-Mutant | -9/Mines Resources | -11 -10 -10 -9 -9 ----------- Run | Scr Mat Min Mat Min Matter Collected 596 | 193 82 24 297 . Remotely . | . . . . . Salvage Created 640 | . 82 . 558 . Parts 40 | . 3 . 37 . Haulers Intercepted . | . . . . . Recyclers Shooed 4 | . . 2 2 . Parts Field Recycled . | . . . . . Retrieved Matter . | . . . . . Parts Self-Destructed . | . . . . . Prevented . | . . . . . Kills | -11 -10 -10 -9 -9 ------- Run | Scr Mat Min Mat Min Combat Hostiles Destroyed 18 | . 2 . 16 . Guns 18 | . 2 . 16 . Classes Destroyed 4 | . 1 . 3 . Recycler 1 | . . . 1 . Swarmer 8 | . . . 8 . Grunt 6 | . 2 . 4 . Sentry 4 | . . . 4 . Best Kill Streak 4 | . 2 . 4 . Combat Bots Only 4 | . 2 . 4 . Max Kills in Single Turn 2 | . 1 . 2 . Gunslinging 1 | . . . 1 . Exploded . | . . . . . Melee . | . . . . . Uniques/NPCs Destroyed . | . . . . . Combat | -11 -10 -10 -9 -9 -------- Run | Scr Mat Min Mat Min Damage Taken 1244 | . 52 14 750 428 Core 435 | . 32 . 281 122 Absorbed by Shields . | . . . . . Core Remaining (%) 93 | 100 . 87 . . Volleys Fired 81 | . 5 4 71 1 Largest 2 | . 2 2 2 2 Hottest 85 | . 40 40 85 50 Shots Fired 156 | . 11 8 136 1 Gun 155 | . 11 8 136 . Cannon . | . . . . . Launcher 1 | . . . . 1 Special . | . . . . . Kinetic 147 | . 11 8 128 . Thermal 8 | . . . 8 . Explosive 1 | . . . . 1 Electromagnetic . | . . . . . Robot Hit Streak 11 | . 4 4 11 . Robot Miss Streak 5 | . 1 4 5 1 Penetration Max . | . . . . . Secondary Targets 1 | . . . 1 . Max Gunslinging Chain 1 | . . . 1 . Shots Hit Robots 109 | . 7 4 98 . Core Hits 53 | . 4 2 46 1 Critical Kills 1 | . 1 . . . Critical Parts Destroyed . | . . . . . Critical Strikes 1 | . 1 . . . Destroy 1 | . 1 . . . Melee Attacks . | . . . . . Impact . | . . . . . Slashing . | . . . . . Piercing . | . . . . . Sneak Attacks . | . . . . . Combat Hostiles . | . . . . . Follow-up Attacks . | . . . . . Damage Inflicted 958 | . 46 28 852 32 Guns 924 | . 46 28 850 . Cannons . | . . . . . Explosions 32 | . . . . 32 Melee . | . . . . . Ramming 2 | . . . 2 . Kinetic 820 | . 46 28 746 . Thermal 104 | . . . 104 . Explosive 32 | . . . . 32 Electromagnetic . | . . . . . Impact . | . . . . . Slashing . | . . . . . Piercing . | . . . . . Highest Corruption 1 | . 1 1 . . Average Corruption 1 | . 1 1 . . Corruption Purged . | . . . . . Corruption Blocked . | . . . . . Effects 6 | . 4 2 . . Message Errors 2 | . 1 1 . . Matter Fused 1 | . 1 . . . Heat Flow Errors 1 | . 1 . . . Data Loss (minor) 1 | . . 1 . . Misfires 1 | . 1 . . . Overload Shots . | . . . . . Overflow Damage 12 | . . . . 12 Projectiles . | . . . . . Explosions 12 | . . . . 12 Melee . | . . . . . Knockbacks . | . . . . . Impact . | . . . . . Kinetic . | . . . . . Secondary . | . . . . . Self-Inflicted Damage 41 | . . . 1 40 Shots 1 | . . . . 1 Rammed 1 | . . . 1 . Targets Rammed 1 | . . . 1 . Kicked . | . . . . . Crushed . | . . . . . Highest Temperature 156 | . 149 . 156 . Average Temperature 38 | . 48 . 36 . Received Heat Transfer 301 | . 30 . 231 40 Siege Activations . | . . . . . Robots Corrupted . | . . . . . Combat Hostiles . | . . . . . Parts Fried . | . . . . . Impact Corruptions . | . . . . . Robots Melted . | . . . . . Combat Hostiles . | . . . . . Parts Melted . | . . . . . Heat Transferred 125 | . . . 125 . Parts Sabotaged . | . . . . . Parts Stolen . | . . . . . Parts Stripped . | . . . . . Power Chain Reactions . | . . . . . Missiles Intercepted . | . . . . . Alert | -11 -10 -10 -9 -9 ------- Run | Scr Mat Min Mat Min Peak Influence 370 | . 55 36 370 112 Initial 112 | . . 21 13 112 Average 88 | . 21 35 131 108 Maximum Alert Level 1 | . . . 1 . Low Security (%) 82 | 100 100 100 67 100 Level 1 17 | . . . 32 . Level 2 . | . . . . . Level 3 . | . . . . . Level 4 . | . . . . . Level 5 . | . . . . . High Security . | . . . . . Max Security . | . . . . . Squads Dispatched 3 | . 1 . 2 . Investigation 2 | . 1 . 1 . Extermination . | . . . . . Reinforcement 1 | . . . 1 . Assault . | . . . . . Garrison . | . . . . . Intercept . | . . . . . Searches Triggered . | . . . . . Construction Impeded . | . . . . . Haulers Reinforced . | . . . . . Active Scanning Responses . | . . . . . Cargo Convoy Interrupts . | . . . . . Stealth | -11 -10 -10 -9 -9 --------- Run | Scr Mat Min Mat Min Distress Signals 5 | . 2 . 3 . Communications Jammed . | . . . . . Distress Signals . | . . . . . Times Spotted 49 | . 5 3 28 13 Peak Tracking Total 10 | . 3 3 4 10 Tactical Retreats 3 | . . 1 2 . Traps | -11 -10 -10 -9 -9 ------- Run | Scr Mat Min Mat Min Traps Triggered 2 | . 1 . 1 . Indirectly . | . . . . . Trap Hack Attempts . | . . . . . Triggered . | . . . . . Disarmed . | . . . . . Reprogrammed . | . . . . . Reused . | . . . . . Traps Extracted . | . . . . . Installed . | . . . . . Triggered . | . . . . . Machines | -11 -10 -10 -9 -9 ---------- Run | Scr Mat Min Mat Min Machines Disabled . | . . . . . Max in Single Turn . | . . . . . Machines Sabotaged . | . . . . . Garrisons Compromised . | . . . . . Overloaded Fab Kills . | . . . . . Hacking | -11 -10 -10 -9 -9 --------- Run | Scr Mat Min Mat Min Machines Accessed 1 | . . . 1 . Terminals 1 | . . . 1 . Fabricators . | . . . . . Repair Stations . | . . . . . Recycling Units . | . . . . . Scanalyzers . | . . . . . Garrison Access . | . . . . . Total Hacks 1 | . . . 1 . Successful 1 | . . . 1 . Failed . | . . . . . Catastrophic . | . . . . . Database Lockouts . | . . . . . Manual 1 | . . . 1 . Terminals 1 | . . . 1 . Fabricators . | . . . . . Repair Stations . | . . . . . Recycling Units . | . . . . . Scanalyzers . | . . . . . Garrison Access . | . . . . . Terminal Hacks . | . . . . . Fabricator Hacks . | . . . . . Repair Station Hacks . | . . . . . Recycling Unit Hacks . | . . . . . Scanalyzer . | . . . . . Garrison Access Hacks . | . . . . . Unauthorized Hacks 1 | . . . 1 . Terminals 1 | . . . 1 . Botnet 1 | . . . 1 . Fabricators . | . . . . . Repair Stations . | . . . . . Recycling Units . | . . . . . Scanalyzers . | . . . . . Garrison Access . | . . . . . Data Cores Recovered . | . . . . . Used . | . . . . . Hacking Detections . | . . . . . Full Trace Events . | . . . . . Feedback Events . | . . . . . Feedback Blocked . | . . . . . Robot Schematics Acquired . | . . . . . Robots Built . | . . . . . Authchips . | . . . . . Time . | . . . . . Total Robot Build Rating . | . . . . . Part Schematics Acquired . | . . . . . Parts Built . | . . . . . Authchips . | . . . . . Time . | . . . . . Total Part Build Rating . | . . . . . Parts Repaired . | . . . . . Time . | . . . . . Parts Recycled . | . . . . . Recycled Matter . | . . . . . Retrieved Matter . | . . . . . Retrieved Components . | . . . . . Parts Scanalyzed . | . . . . . Part Schematics Acquired . | . . . . . Parts Damaged . | . . . . . Bothacking | -11 -10 -10 -9 -9 ------------ Run | Scr Mat Min Mat Min Used RIF Installer . | . . . . . Robots Hacked . | . . . . . Non-combat . | . . . . . Combat . | . . . . . Robot Hacks Applied . | . . . . . Relay Couplers Released . | . . . . . Fabnet Peak Effective % . | . . . . . Robots Rewired . | . . . . . Allies Hacked . | . . . . . Hacks Repelled . | . . . . . Allies | -11 -10 -10 -9 -9 -------- Run | Scr Mat Min Mat Min Total Allies 3 | . . 3 . . Largest Group 3 | . . 3 3 . Highest-Rated Group 40 | . . 40 40 . Highest-Rated Ally 16 | . . 16 16 . Total Orders . | . . . . . Ally Attacks 25 | . . . 25 . Total Damage 223 | . . . 223 . Kills 5 | . . . 5 . Allies Corrupted . | . . . . . Allies Melted . | . . . . . Intel | -11 -10 -10 -9 -9 ------- Run | Scr Mat Min Mat Min Robot Analysis Total . | . . . . . Derelict Logs Recovered 2 | . . 1 . 1 Drone Launches . | . . . . . Drone Recoveries . | . . . . . Exploration | -11 -10 -10 -9 -9 ------------- Run | Scr Mat Min Mat Min Turns Passed 1791 | 57 362 286 992 94 Spaces Moved 1068 | 52 184 211 541 80 Core 25 | 25 . . . . Treads . | . . . . . Legs 599 | 27 184 211 177 . Wheels . | . . . . . Hover 109 | . . . 109 . Flight 335 | . . . 255 80 Fastest Speed 50 | 50 120 120 62 111 Average Speed 116 | 87 120 120 116 113 Slowest Speed 280 | 120 120 120 260 280 Overloaded Moves . | . . . . . Propulsion Burnouts . | . . . . . Robots Hopped . | . . . . . Cave-ins Triggered . | . . . . . Exploration Rate (%) 35 | 3 37 51 55 33 Regions Visited 4 Branch Regions 2 Pre-discovered Areas 2 | . . 1 . 1 Known Exits Taken . | . . . . . Unknown Exits Taken 4 | 1 1 1 1 . Scrap Searched 2 | . . 2 . . Spaces Dug . | . . . . . Terrain Destroyed 5 | . . . . 5 Melee . | . . . . . Projectile . | . . . . . AOE 5 | . . . . 5 Terrain Rammed . | . . . . . Walls Destroyed . | . . . . . Machines Disabled . | . . . . . Actions | -11 -10 -10 -9 -9 --------- Run | Scr Mat Min Mat Min Total 1495 | 63 317 238 795 82 Wait 271 | . 120 20 131 . Move 1064 | 51 183 210 540 80 Hop . | . . . . . Pick Up 36 | 6 7 2 21 . Fast Attach 3 | 1 . . 2 . Attach 25 | 5 . . 19 1 Detach . | . . . . . Swap 1 | . 1 . . . Drop 13 | . 1 2 10 . Fire 81 | . 5 4 71 1 Melee . | . . . . . Ram 1 | . . . 1 . Kick . | . . . . . Crush . | . . . . . Escape Stasis . | . . . . . Rewire . | . . . . . Trap . | . . . . . Miscellaneous . | . . . . . Route ------- -11/Scrapyard -10/Materials (discovered 2 exits: [*Min x2]) -10/Mines -9/Materials (discovered 2 exits: [*Min x2]) -9/Mines History --------- Turn | Location | Event 11 | -11/Scrapyard | Discovered new exit (range 15) 58 | -11/Scrapyard | Entered Materials 152 | -10/Materials | Discovered new exit (range 5) 155 | -10/Materials | Met 8R-AWN 301 | -10/Materials | Build established: Mutant 404 | -10/Materials | Discovered new exit (range 13) 420 | -10/Materials | Entered Mines 422 | -10/Mines | Followed 8R-AWN into the Mines 444 | -10/Mines | Learned Materials terminal intel 511 | -10/Mines | Learned location of Storage (-8) 552 | -10/Mines | Assisted by bots powering up and referring to "LRC-V3" 608 | -10/Mines | Received a Rocket Launcher from a helpful Derelict 689 | -10/Mines | Discovered new exit (range 14) 706 | -10/Mines | Entered Materials 706 | -9/Materials | Accompanied by 3 allies 706 | -9/Materials | Evolved 2 slots: Propulsion x2 707 | -9/Materials | Loaded intel: 12 terminal locations 1178 | -9/Materials | Discovered new exit (range 10) 1371 | -9/Materials | Build established: Scavenger-Mutant 1378 | -9/Materials | Core integrity fell below 50% 1675 | -9/Materials | Discovered new exit (range 10) 1698 | -9/Materials | Entered Mines 1708 | -9/Mines | Learned location of Zion (-7) 1747 | -9/Mines | Assembled infested the area 1752 | -9/Mines | Assisted by a Guerilla fighting off Assembled 1787 | -9/Mines | Core integrity fell below 20% 1792 | -9/Mines | Destroyed by as-11117 with Assembled F-torch Last Messages --------------- 01768_ Flight Unit destroyed. 01768_ HV Slug penetrates D-53 Grenadier. 01769_ K-01 Serf collects debris. 01770_ HV Slug penetrates D-53 Grenadier. 01770_ D-53 Grenadier destroyed. 01771_ S8-N5H(h) destroyed. 01773_ K-01 Serf collects debris. 01773_ U-05 Engineer lays Concrete. 01784_ Flight Unit destroyed. 01784_ Imp. Ion Engine destroyed. 01786_ as-24293 destroyed. 01786_ as-22725 destroyed. 01786_ Flight Unit destroyed. 01789_ Spread Laser destroyed. 01791_ Lgt. Assault Rifle destroyed. 01791_ Destroyed Lgt. Assault Rifle. 01791_ Destroyed Asb. F-torch. 01791_ D-53 Grenadier knocked back. 01792_ The unstable cave ceiling collapses. 01792_ Flight Unit destroyed. Map ----- +----------------------------------------------------+ | ??????????????????????????????????????????????? | | ??????????????????????????????????????????????? | | ??????????????????????????????????????????????? | | ??????????????????????????????????????????????? | | ??????????????????????????????????????????????? | | ??????????????????????????????????????????????? | | ??????????????????????????????????????????????? | | ??????????????????????????????????????????????? | | ??????????????????????????????????????????????? | | ??????????????????????????????????????????????? | | ??????????????????????????????????????????????? | | ??????????????????????????????????????????????? | | ??????????????????????????????????????????????? | | ??????????????????????????????????????????????? | | ???????????????????????????????????????????? ? | | ???????????????????????????????????????????? # | | ???????????????????????????????????????????# # | | ???????????????????????????????????????????# | | ????????????????????????????????????????#### | | ???????????????????????????????????????## | | ???????????????????????????????????????# | | ????????????????????#####??????????????? | | ??????????????????### #???????????????# " | | ??????????????????# #?????####?????## "%" | | ??????????????????# #????## ##???## " | | ?????????# $####### @ #????# ##?## % # | | ?????????# $ s s #????# ### ! # | | ?????????# s #????# =% # | | ?????????########## #????# ! | | ?????????????????## a ????# | | ????????????????## a ##??## | | ????????????????# ### | | ????????????????# ## | | ????????????????# d % # | | ???????????????# a a * # ## | | ??????????????# ## #####? | | ?????????????# ##### #????? | | ?????????????# ####????## ###????? | | ?????????????# ##?????????####??????? | | ?????????????## ##????????????????????? | | ??????????????## ###?????????????????????? | | ???????????????## a ????????????????????????? | | ????????????????## ????????????????????????? | | ?????????????????# ??????????????????????????? | | ?????????????????# ??????????????????????????? | | ?????????????????# ??????????????????????????? | | ?????????????????# ???????????????????????????? | | ??????????????????????????????????????????????? | | ??????????????????????????????????????????????? | | ??????????????????????????????????????????????? | +----------------------------------------------------+ Best States ------------- Heat Dissipation 28 Energy Generation 12 Energy Capacity 265 Matter Stores 300 Matter Capacity 300 Sight Range 18 Terrain Scan Density 10 Evasion (%) 55 Item Schematics ----------------- None Robot Schematics ------------------ None Fabricated ------------ Nothing Alien Tech Used ----------------- None Achievements -------------- None Challenges ------------ None Game ------ Seed NavigationNullLauncher Manual? 0 Play Time 00:16:59 Cumulative 11.8 hours Start 2022.09.23 @ 15:48:02 End 2022.09.23 @ 16:04:04 Sessions 1 Manual Loads 0 Difficulty Rogue Special Mode None Game No. 34 Rogue 34 Adventurer 0 Explorer 0 Win Type - Total 0 Types 0/0/0/0/0/0/0/0/0 Lore% 8 Gallery% 17 Achievement% 14 Wizard Run 0 Options --------- ASCII 0 Keyboard 0 Movement Mouse Keybinds 0 Fullscreen 1 Font 24/Crisp Map View 76x50 Tactical HUD 1 Map Filters NONE Filters NONE Steam 1 RUN: 8086426c-efa0-4d32-933e-454ab3d014ab